 Dungeon Crawl Stone Soup version 0.18-a0-1764-gf4ddf0b (webtiles) character file.

234333 Chiseanne the Pandemonic (level 18, -2/134 HPs)
             Began as a Demonspawn Monk on Apr 13, 2016.
             Was a High Priest of Makhleb.
             Slain by a vault warden
             ... wielding a +1 long sword of holy wrath
              (28 damage)
             ... on level 1 of the Vaults.
             The game lasted 04:44:02 (34079 turns).

Chiseanne the Pandemonic (Demonspawn Monk)         Turns: 34079, Time: 04:44:03

Health: -2/134     AC: 26    Str: 17    XL:     18   Next: 44%
Magic:  31/31      EV: 18    Int: 11    God:    Makhleb [*****.]
Gold:   964        SH: 28    Dex: 19    Spells: 1 memorised, 16 levels left

rFire  + . .     SeeInvis +     s - +7 broad axe (flame)
rCold  . . .     Gourm    .     h - +2 ring mail of Pandemonium {*Confuse rElec rN+ Slay+2}
rNeg   + . .     Faith    .     y - +5 large shield {AC+3}
rPois  +         Spirit   .     v - +2 helmet of the Thistle {rPois Int-3 Dex+3}
rElec  +         Dismiss  .     V - +2 cloak {MR+}
rCorr  .         Reflect  +     (gloves unavailable)
SustAt .         Harm     .     f - +2 pair of boots
MR     ++...                    B - amulet "Ekhoram" {Reflect rElec rF+ Dex-3 SH+2 Stlth+}
Stlth  +++.......               P - +3 ring of dexterity
                                W - ring of see invisible

@: lethally poisoned (-2 -> -3), very resistant to hostile enchantments, fairly
stealthy
A: claws 3, slimy green scales 3, powered by death 3, spiny 1
a: Minor Destruction, Lesser Servant of Makhleb, Major Destruction, Greater
Servant of Makhleb, Renounce Religion
}: 2/15 runes: serpentine, barnacled


You were on level 1 of the Vaults.
You worshipped Makhleb.
Makhleb was extremely pleased with you.
You were not hungry.

You visited 7 branches of the dungeon, and saw 37 of its levels.
You also visited: Labyrinth, Sewer, Ossuary and Ice Cave.

You collected 3538 gold pieces.
You spent 2574 gold pieces at shops.

Inventory:

Hand Weapons
 a - the +2 war axe "Atsumodd" {chop, rPois rC+ rN+}
   (You bought it in a shop on level 4 of the Dungeon)

   It inflicts extra damage upon your enemies.
   It protects you from cold.
   It protects you from poison.
   It protects you from negative energy.
 d - a +2 trident of protection
 s - a +7 broad axe of flaming (weapon)
 w - a +6 blowgun
Missiles
 e - 5 throwing nets (quivered) {!*}
Armour
 f - a +2 pair of boots (worn)
 h - the +2 ring mail of Pandemonium (worn) {*Confuse rElec rN+ Slay+2}
   (You found it in a labyrinth)

   It affects your accuracy and damage with ranged weapons and melee attacks
   (+2).
   It insulates you from electricity.
   It protects you from negative energy.
   It may confuse you when you take damage.
 v - the +2 helmet of the Thistle (worn) {rPois Int-3 Dex+3}
   (You found it on level 2 of the Lair of Beasts)

   It affects your intelligence (-3).
   It affects your dexterity (+3).
   It protects you from poison.
 y - a +5 large shield of protection (worn)
 V - a +2 cloak of magic resistance (worn)
Jewellery
 o - an uncursed amulet of rage
 B - the amulet "Ekhoram" (around neck) {Reflect rElec rF+ Dex-3 SH+2 Stlth+}
   (You bought it in a shop on level 3 of the Snake Pit)

   [amulet of reflection]

   It shields you and reflects attacks.
   It affects your dexterity (-3).
   It protects you from fire.
   It insulates you from electricity.
   It affects your SH (+2).
   It makes you more stealthy.
 P - a +3 ring of dexterity (right claw)
 W - a ring of see invisible (left claw)
Wands
 k - a wand of teleportation (6/9)
 l - a wand of teleportation (4/9)
 t - a wand of heal wounds (2/9)
 x - a wand of heal wounds (1/9)
 L - a wand of disintegration (8/24)
 O - a wand of hasting (8/9)
Scrolls
 j - 5 scrolls of immolation
 q - a scroll of fog
 G - a scroll of recharging
 M - 2 scrolls of identify
 N - 3 scrolls of blinking
 R - 2 scrolls of fear
 U - 4 scrolls of magic mapping
 Y - 11 scrolls of remove curse
 Z - 2 scrolls of teleportation
Potions
 c - 2 potions of cancellation
 g - a potion of haste
 i - 8 potions of curing
 n - 3 potions of ambrosia
 r - 2 potions of heal wounds
 E - 4 potions of flight
 H - a potion of agility
 S - a potion of resistance
Miscellaneous
 C - a lamp of fire
 J - a fan of gales
Comestibles
 b - 12 bread rations
 D - 10 meat rations
 F - a slice of pizza


   Skills:
 - Level 10.0 Fighting
 * Level 11.7 Axes
 - Level 10.7 Armour
 - Level 11.2 Dodging
 - Level 1.7 Stealth
 * Level 17.3 Shields
 - Level 3.6 Unarmed Combat
 * Level 18.7 Invocations
 - Level 7.1 Evocations


You had 16 spell levels left.
You knew the following spells:

 Your Spells              Type           Power        Failure   Level  Hunger
a - Apportation           Tloc           #.........   98%         1    ##.....


Dungeon Overview and Level Annotations

Branches:
Dungeon (15/15)            Temple (0/1) D:6            Lair (8/8) D:9
 Shoals (4/4) Lair:6        Snake (4/4) Lair:3        Slime (0/6) Lair:8
    Orc (2/2) D:12            Elf (3/3) Orc:2        Vaults (1/5) D:13
 Depths (0/5) D:15

Altars:
Ashenzari
Dithmenos
Elyvilon
Fedhas
Gozag
Kikubaaqudgha
Makhleb
Nemelex Xobeh
Okawaru
Ru
Sif Muna
Trog
Xom
Yredelemnul
The Shining One
Beogh
Jiyva

Shops:
D:4 (}   D:5 (   D:14 (   Orc:2 (*[=   Snake:3 !==%=   Vaults:1 (

Annotations:
Orc:2 exclusion: 2 upstairs


Innate Abilities, Weirdness & Mutations

You have claws for hands.
You are completely covered in slimy green scales (AC +4, rPois).
You regenerate a lot of health from kills.
You are partially covered in sharp spines.


Message History

You barely miss the vault sentinel. You barely miss the vault warden.
The vault warden is moderately wounded.
You hit the hill giant. You burn the hill giant.
The hill giant is severely wounded.
You completely miss the stone giant.
The stone giant is moderately wounded.
You barely miss the orc knight.
The orc knight is moderately wounded.
You hit the centaur warrior. You burn the centaur warrior.
The centaur warrior is almost dead.
The orc knight is struck by your spines.
The orc knight hits you with a war axe of venom.
You are poisoned.
The stone giant hits you!!
The centaur warrior is struck by your spines.
The centaur warrior misses you.
The vault warden hits you with a long sword of holy wrath!!
* * * LOW HITPOINT WARNING * * *
You convulse!!
You die...

#.... #....#
#....#
#....###
#......#
#......#####'#
#.../ppC...p..
#....c@CO.....
#......o......
#..#+#########
#..# #..# #..#
#..# #..# #..#


You could see a stone giant, a vault warden, an orc knight, a hill giant, a
centaur warrior, an ogre mage (invisible) and 2 vault sentinels.

Vanquished Creatures
  Rupert (D:13)
  2 deep elf blademasters (Elf:3)
  A lich (Vaults:1)
  Polyphemus (Shoals:2)
  Kirke (Shoals:2)
  8 greater nagas
  A deep elf sorcerer (Elf:3)
  A deep elf demonologist (Elf:3)
  4 deep elf annihilators (Elf:3)
  A dire elephant (Lair:8)
  A deep elf death mage (Elf:3)
  A merfolk impaler (Shoals:4)
  A yaktaur captain (Vaults:1)
  A rakshasa (D:15)
  9 naga warriors
  2 catoblepae
  6 hydras
  A deep elf high priest (Elf:3)
  Erica (D:9)
  11 anacondas
  An ogre mage (D:15)
  An anaconda (shapeshifter) (D:15)
  4 dancing weapons
  A merfolk aquamancer (Shoals:4)
  9 death yaks
  A shock serpent (shapeshifter) (D:15)
  6 naga sharpshooters
  2 shock serpents
  A deep elf knight (Elf:2)
  3 salamander mystics
  A sea snake (Shoals:3)
  5 unseen horrors
  A deep elf archer (Elf:1)
  7 naga ritualists
  A giant orange brain (Vaults:1)
  A hill giant (D:14)
  A wizard (Elf:1)
  5 harpies
  3 orc knights
  3 manticores
  9 ugly things
  16 deep elf magi
  An ironbrand convoker (Vaults:1)
  The ghost of Moloch the Martial Artist, a novice DgFi (D:6)
  9 mana vipers
  An oklob plant (Lair:1)
  3 griffons
  A shining eye (shapeshifter) (D:15)
  5 fauns
  A cyclops (D:12)
  6 salamanders
  11 elephants
  9 guardian serpents
  An ice statue (IceCv)
  29 black mambas
  2 sirens
  A water nymph (Shoals:4)
  8 naga magi
  A gargoyle (D:10)
  10 spiny frogs
  4 freezing wraiths
  5 yaktaurs
  8 komodo dragons
  A yaktaur (shapeshifter) (Elf:1)
  2 kobold demonologists (D:15)
  9 ice devils (IceCv)
  5 trolls
  6 merfolk
  A wind drake (Shoals:1)
  3 two-headed ogres
  A boulder beetle (Lair:8)
  7 slime creatures
  3 blink frogs (Lair:5)
  A snapping turtle (Shoals:4)
  3 shadows
  A wyvern (D:10)
  2 wraiths
  2 basilisks (Lair:3)
  3 hogs
  A human (D:7)
  A human (shapeshifter) (D:14)
  2 water elementals
  38 yaks
  2 steam dragons
  A hungry ghost (D:14)
  16 hippogriffs
  A mottled dragon (D:10)
  2 vampire mosquitoes (D:11)
  43 nagas
  A naga (shapeshifter) (D:15)
  21 water moccasins
  A hell hound (D:13)
  2 wargs
  9 porcupines
  15 orc warriors
  4 sky beasts
  An eye of draining (D:8)
  5 ice beasts
  3 phantoms
  2 necrophages
  8 wolves
  5 boggarts
  16 ogres
  14 centaurs
  12 crocodiles
  5 big kobolds
  21 giant frogs
  An elf zombie (Ossuary)
  An earth elemental (Elf:1)
  2 wyvern skeletons
  A glowing shapeshifter simulacrum (Vaults:1)
  4 scorpions
  14 killer bees
  2 electric eels
  A howler monkey (D:4)
  4 crimson imps
  7 centaur zombies
  8 hounds
  3 jellies
  10 orc priests
  A wasp zombie (D:13)
  2 human zombies (Ossuary)
  3 centaur skeletons
  3 giant frog skeletons
  6 iguanas
  11 orc wizards
  10 worker ants
  A killer bee zombie (D:7)
  36 sheep
  6 hound zombies
  A hound skeleton (D:11)
  3 mummies (Ossuary)
  3 gnolls (Orc:2)
  19 adders
  40 river rats
  4 shadow imps
  8 white imps (IceCv)
  8 ufetubi (IceCv)
  8 oozes
  3 adder zombies
  2 worms (D:2)
  An adder skeleton (D:8)
  2 dart slugs
  14 giant geckos
  89 orcs
  10 ball pythons
  10 bats
  19 giant cockroaches
  7 goblins
  10 hobgoblins
  5 jackals
  5 quokkas
  A giant gecko skeleton (D:5)
  15 giant newts
  A gnoll zombie (Ossuary)
  7 goblin zombies (Ossuary)
  3 hobgoblin zombies (Ossuary)
  A jackal zombie (Ossuary)
  16 kobolds
  5 kobold zombies (Ossuary)
  An orc zombie (Ossuary)
  4 quokka zombies (Ossuary)
  9 rats
  A rat zombie (Ossuary)
  3 fungi
  7 plants
1038 creatures vanquished.

Vanquished Creatures (collateral kills)
  Mara (Elf:3)
  Saint Roka (Orc:2)
  Nikola (Snake:2)
  An Ice Fiend (IceCv)
  2 greater nagas (Snake:4)
  Roxanne (D:15)
  A deep elf sorcerer (Elf:3)
  Aizul (Snake:2)
  An orc warlord (Orc:2)
  2 deep elf elementalists (Elf:3)
  Louise (D:15)
  Nessos (D:13)
  4 deep elf annihilators (Elf:3)
  3 deep elf demonologists (Elf:3)
  Azrael (D:13)
  4 dire elephants (Lair:8)
  The ghost of Moloch the Thaumaturge, a journeyman DrWz of Vehumet (Lair:4)
  A minotaur (Lab)
  A merfolk javelineer (Shoals:4)
  5 vault guards (D:13)
  A merfolk impaler (Shoals:4)
  Josephine (Lair:6)
  2 deep elf death magi (Elf:3)
  A naga warrior (Snake:2)
  A hydra (Lair:4)
  A centaur warrior (D:14)
  3 anacondas
  An alligator snapping turtle (Shoals:4)
  An ogre mage (D:13)
  A merfolk avatar (Shoals:2)
  2 merfolk aquamancers (Shoals:4)
  A satyr (Shoals:4)
  A tengu warrior (D:14)
  3 death yaks (Shoals:2)
  5 naga sharpshooters
  3 shock serpents
  An orc high priest (Orc:2)
  2 deep elf knights
  Nergalle (Orc:2)
  4 skeletal warriors (D:12)
  A sea snake (Shoals:4)
  An unseen horror (D:15)
  A deep elf archer (D:15)
  A naga ritualist (Snake:2)
  2 hill giants
  3 orc knights (Orc:2)
  A harpy (Shoals:2)
  5 deep elf magi
  2 orc sorcerers (Orc:2)
  A salamander (Snake:4)
  4 ugly things (D:15)
  A wizard (D:13)
  9 fauns
  5 griffons
  3 manticores (Shoals:4)
  3 black mambas
  3 elephants (Lair:8)
  A guardian serpent (Snake:4)
  8 sirens
  5 naga magi
  A water nymph (Shoals:4)
  A gargoyle (D:15)
  A kobold demonologist (D:13)
  5 ice devils (IceCv)
  2 trolls
  5 merfolk
  Prince Ribbit (D:9)
  A snapping turtle (Shoals:4)
  6 blink frogs (Lair:4)
  A slime creature (D:14)
  2 water elementals (Shoals:4)
  2 wraiths (Lair:6)
  A shadow (D:14)
  A wyvern (D:13)
  2 humans (D:13)
  7 fire elementals (D:13)
  A hungry ghost (D:13)
  A hippogriff (D:9)
  8 nagas
  A mottled dragon (D:15)
  A porcupine (Lair:4)
  12 orc warriors (Orc:2)
  5 centaurs (D:14)
  2 crocodiles
  A giant frog (D:9)
  2 electric eels (D:11)
  2 crimson imps
  6 orc priests (Orc:2)
  2 worker ants (D:9)
  8 orc wizards
  4 sheep (Lair:4)
  A gnoll (Orc:2)
  12 river rats
  7 orcs
  A plant (Shoals:2)
246 creatures vanquished.

Vanquished Creatures (others)
  2 deep elf master archers (Elf:3)
  A yaktaur captain (Vaults:1)
  A deep elf high priest (Elf:3)
  A naga sharpshooter (Snake:4)
  2 harpies (Shoals:1)
  2 deep elf archers
  2 fauns (Shoals:1)
  A two-headed ogre (D:15)
  A hippogriff (Lair:8)
  An ogre (D:15)
  A centaur (D:15)
  A crocodile (Lair:1)
  An earth elemental (Elf:2)
  A killer bee (D:12)
  A white imp (IceCv)
  An orc (Orc:2)
  7 fungi
  15 plants
42 creatures vanquished.

Grand Total: 1326 creatures vanquished

Notes
Turn   | Place    | Note
--------------------------------------------------------------
     0 | D:1      | Chiseanne the Demonspawn Monk began the quest for the Orb.
     0 | D:1      | Reached XP level 1. HP: 18/18 MP: 1/1
   127 | D:1      | Gained mutation: You regenerate a little health from kills. [demonic ancestry]
   127 | D:1      | Reached XP level 2. HP: 19/24 MP: 2/2
   552 | D:1      | Reached skill level 1 in Armour
   902 | D:2      | Gained mutation: You regenerate health from kills. [demonic ancestry]
   902 | D:2      | Reached XP level 3. HP: 29/29 MP: 3/3
  1170 | D:2      | Reached XP level 4. HP: 36/37 MP: 4/4
  1211 | D:2      | Found a sacrificial altar of Ru.
  1235 | D:2      | Found a burning altar of Makhleb.
  1480 | D:2      | Became a worshipper of Makhleb the Destroyer
  1480 | D:2      | Reached * piety under Makhleb
  1480 | D:2      | Reached ** piety under Makhleb
  1769 | D:2      | Found a deep blue altar of Sif Muna.
  1964 | D:3      | Reached skill level 1 in Invocations
  2315 | D:3      | Reached *** piety under Makhleb
  2410 | D:3      | Gained mutation: You are partially covered in sharp spines. [demonic ancestry]
  2410 | D:3      | Reached XP level 5. HP: 42/42 MP: 6/6
  2456 | D:3      | Found a blossoming altar of Fedhas.
  2515 | D:4      | Reached skill level 2 in Invocations
  2542 | D:4      | Noticed an ogre
  2549 | D:4      | Killed an ogre
  2745 | D:4      | Found a shadowy altar of Dithmenos.
  2745 | D:4      | Found an iron altar of Okawaru.
  2831 | D:4      | Gained mutation: You are partially covered in slimy green scales (AC +2). [demonic ancestry]
  2831 | D:4      | Reached XP level 6. HP: 49/49 MP: 8/8
  2845 | D:4      | Found Pissy's Gadget Emporium.
  2905 | D:4      | Reached skill level 3 in Invocations
  2963 | D:4      | Found Covydgh Wyump's Weapon Shoppe.
  3173 | D:4      | Reached skill level 5 in Fighting
  3173 | D:4      | Gained mutation: You have sharp fingernails. [demonic ancestry]
  3173 | D:4      | Reached XP level 7. HP: 56/56 MP: 9/9
  3260 | D:5      | Entered Level 5 of the Dungeon
  3299 | D:5      | Reached skill level 4 in Invocations
  3395 | D:5      | Found Ucsuheank's Antique Weapon Shoppe.
  3482 | D:5      | Found a shadowy altar of Dithmenos.
  3874 | D:5      | Found a basalt altar of Yredelemnul.
  4058 | D:6      | Reached skill level 5 in Dodging
  4058 | D:6      | Reached skill level 5 in Invocations
  4095 | D:6      | Gained mutation: You regenerate a lot of health from kills. [demonic ancestry]
  4095 | D:6      | Reached XP level 8. HP: 55/64 MP: 11/11
  4129 | D:6      | Found a glowing drain.
  4134 | Sewer    | Entered a sewer
  4139 | Sewer    | Reached **** piety under Makhleb
  4289 | Sewer    | Reached ***** piety under Makhleb
  4522 | D:6      | Found an ancient bone altar of Kikubaaqudgha.
  4587 | D:6      | Reached skill level 6 in Invocations
  4607 | D:6      | Noticed Moloch's ghost (novice DgFi)
  4624 | D:6      | Killed Moloch's ghost
  4751 | D:6      | Reached skill level 7 in Invocations
  4821 | D:6      | Reached skill level 5 in Armour
  4821 | D:6      | Reached XP level 9. HP: 71/71 MP: 14/14
  4993 | D:6      | Found a staircase to the Ecumenical Temple.
  5228 | D:7      | Found a white marble altar of Elyvilon.
  5405 | D:7      | Found a glowing golden altar of the Shining One.
  5510 | D:7      | Reached skill level 8 in Invocations
  5577 | D:7      | Found a sand-covered staircase.
  5586 | Ossuary  | Entered an ossuary
  5696 | Ossuary  | Reached ****** piety under Makhleb
  5932 | D:8      | Found an opulent altar of Gozag.
  6008 | D:8      | Found a bloodstained altar of Trog.
  6080 | D:8      | Found a sparkling altar of Nemelex Xobeh.
  6626 | D:8      | Reached skill level 9 in Invocations
  6626 | D:8      | Reached XP level 10. HP: 79/80 MP: 16/16
  6688 | D:9      | Found a staircase to the Lair.
  6688 | D:9      | Noticed an elephant
  6711 | D:9      | Killed an elephant
  6904 | D:9      | Noticed Psyche
  6908 | D:9      | Noticed Psyche
  6908 | D:9      | Psyche changed into Psyche the giant frog
  6912 | D:9      | Killed Psyche the giant frog
  6998 | D:9      | Noticed Prince Ribbit
  7006 | D:9      | Killed Prince Ribbit
  7015 | D:9      | Found a shattered altar of Ashenzari.
  7111 | D:9      | Noticed Erica
  7121 | D:9      | Killed Erica
  7121 | D:9      | Reached skill level 10 in Invocations
  7304 | D:10     | Entered Level 10 of the Dungeon
  7578 | D:10     | Reached XP level 11. HP: 89/89 MP: 18/18
  7628 | D:10     | Noticed a brown ugly thing
  7643 | D:10     | Killed a brown ugly thing
  7778 | D:10     | Found a burning altar of Makhleb.
  8166 | D:11     | Killed an unseen horror
  8193 | D:11     | Reached skill level 11 in Invocations
  8253 | D:11     | Noticed a white ugly thing
  8267 | D:11     | Killed a white ugly thing
  9549 | D:4      | Bought the +2 war axe "Atsumodd" {chop, rPois rC+ rN+} for 526 gold pieces
  9742 | D:12     | Noticed a purple ugly thing
  9759 | D:12     | Killed a purple ugly thing
  9759 | D:12     | Reached skill level 10 in Fighting
  9973 | D:12     | Reached skill level 1 in Axes
 10055 | D:12     | Noticed a deep elf mage
 10079 | D:12     | Killed a deep elf mage
 10231 | D:12     | Found a staircase to the Orcish Mines.
 10263 | D:12     | Noticed a skeletal warrior
 10264 | D:12     | Noticed a skeletal warrior
 10288 | D:12     | Noticed a skeletal warrior
 10298 | D:12     | Noticed a skeletal warrior
 10303 | D:12     | Killed a skeletal warrior
 10304 | D:12     | Killed a skeletal warrior
 10306 | D:12     | Killed a skeletal warrior
 10310 | D:12     | Killed a skeletal warrior
 10310 | D:12     | Reached skill level 12 in Invocations
 10366 | D:12     | Noticed a hill giant
 10369 | D:12     | Killed a hill giant
 10473 | D:12     | Reached XP level 12. HP: 38/97 MP: 21/21
 10998 | Orc:1    | Entered Level 1 of the Orcish Mines
 11226 | Orc:2    | Entered Level 2 of the Orcish Mines
 11238 | Orc:2    | Found a staircase to the Elven Halls.
 11324 | Orc:2    | Found a labyrinth entrance.
 11326 | Orc:2    | Noticed an orc warlord
 11329 | Lab      | Entered a labyrinth
 13548 | Lab      | Noticed a minotaur
 13573 | Lab      | Killed a minotaur
 13615 | Lab      | Identified Sif Muna's Guide on Flamy Poisoning (You found it in a labyrinth)
 13624 | Lab      | Got a scorched ring mail
 13635 | Lab      | Identified the +2 ring mail of Pandemonium {*Confuse rElec rN+ Slay+2} (You found it in a labyrinth)
 13900 | Orc:2    | Killed an orc warlord
 13900 | Orc:2    | Reached skill level 10 in Dodging
 14204 | Orc:2    | Noticed an orc high priest
 14207 | Orc:2    | Noticed Nergalle
 14214 | Orc:2    | Killed an orc high priest
 14230 | Orc:2    | Killed Nergalle
 14258 | Orc:2    | Found a roughly hewn altar of Beogh.
 14263 | Orc:2    | Noticed Saint Roka
 14264 | Orc:2    | Reached skill level 13 in Invocations
 14272 | Orc:2    | Killed Saint Roka
 14272 | Orc:2    | Reached skill level 5 in Axes
 14280 | Orc:2    | Found Veak's Jewellery Emporium.
 14291 | Orc:2    | Found a shimmering altar of Xom.
 14389 | Orc:2    | Found Mucecogrya's Antique Armour Emporium.
 14393 | Orc:2    | Found Tyidilan's Antique Weapon Emporium.
 14504 | Orc:2    | Bought a cursed ring of loudness for 76 gold pieces
 14580 | Orc:2    | Found Raxacsar's General Store.
 14587 | Orc:2    | Bought a scroll of blinking for 90 gold pieces
 14587 | Orc:2    | Bought 2 scrolls of teleportation for 72 gold pieces
 14587 | Orc:2    | Bought a meat ration for 60 gold pieces
 14587 | Orc:2    | Bought a potion of haste for 120 gold pieces
 14744 | Orc:2    | Bought a dazzling leather armour for 147 gold pieces
 14744 | Orc:2    | Bought a pair of ichor-stained gloves for 199 gold pieces
 14744 | Orc:2    | Bought a brightly glowing chain mail for 199 gold pieces
 14744 | Orc:2    | Bought a smelly scale mail for 189 gold pieces
 14755 | Orc:2    | Identified the +2 pair of gloves of the Game of Kings {-Tele Int+6} (You bought it in a shop on level 2 of the Orcish Mines)
 14777 | Orc:2    | Identified the +2 leather armour "Ofaongec" {Str+3} (You bought it in a shop on level 2 of the Orcish Mines)
 14788 | Orc:2    | Identified the +7 scale mail of Supple Strength {rCorr Str+6 Dex-2} (You bought it in a shop on level 2 of the Orcish Mines)
 14798 | Orc:2    | Identified the +6 chain mail "Xeon" {rPois Str+3} (You bought it in a shop on level 2 of the Orcish Mines)
 14936 | D:13     | Reached skill level 10 in Armour
 14986 | D:13     | Noticed Nessos
 15003 | D:13     | Killed Nessos
 15015 | D:13     | Noticed a vault guard
 15031 | D:13     | Killed a vault guard
 15057 | D:13     | Noticed a vault guard
 15068 | D:13     | Killed a vault guard
 15082 | D:13     | Noticed an ogre mage
 15083 | D:13     | Noticed a vault guard
 15087 | D:13     | Killed an ogre mage
 15090 | D:13     | Killed a vault guard
 15090 | D:13     | Gained mutation: You are mostly covered in slimy green scales (AC +3). [demonic ancestry]
 15090 | D:13     | Reached XP level 13. HP: 103/103 MP: 23/23
 15115 | D:13     | Found a gate to the Vaults.
 15115 | D:13     | Noticed a vault guard
 15115 | D:13     | Noticed a vault guard
 15118 | D:13     | Killed a vault guard
 15120 | D:13     | Killed a vault guard
 15352 | D:13     | Noticed Rupert
 15352 | D:13     | Paralysed by Rupert for 7 turns
 15365 | D:13     | Killed Rupert
 15400 | D:13     | Noticed Azrael
 15408 | D:13     | Killed Azrael
 15619 | D:13     | Reached skill level 14 in Invocations
 15680 | D:14     | Found Xiomnati's Weapon Emporium.
 16092 | D:14     | Reached skill level 1 in Shields
 16094 | D:14     | Noticed a green death
 16108 | D:15     | Entered Level 15 of the Dungeon
 16198 | D:15     | Noticed Louise
 16226 | D:15     | Killed Louise
 16310 | D:15     | Found a deep blue altar of Sif Muna.
 16333 | D:15     | Reached skill level 5 in Shields
 16399 | D:15     | Noticed Roxanne
 16403 | D:15     | Noticed an Executioner
 17224 | D:15     | Gained mutation: You have very sharp fingernails. [demonic ancestry]
 17224 | D:15     | Reached XP level 14. HP: 65/110 MP: 24/24
 17314 | D:15     | Paralysed by a wizard for 7 turns
 17372 | D:15     | Gained mutation: Scrolls take you a little longer to read. [a shining eye]
 17564 | D:15     | Found a staircase to the Depths.
 17619 | D:15     | Lost mutation: Scrolls take you a little longer to read. [potion of cure mutation]
 17846 | D:15     | Killed Roxanne
 17849 | D:15     | Identified Roxanne's Grimoire of Transmutation (You took it off Roxanne on level 15 of the Dungeon)
 18397 | Lair:1   | Entered Level 1 of the Lair of Beasts
 18397 | Lair:1   | Found an ancient bone altar of Kikubaaqudgha.
 19452 | Lair:2   | Got a shimmering helmet
 19478 | Lair:2   | Identified the +2 helmet of the Thistle {rPois Int-3 Dex+3} (You found it on level 2 of the Lair of Beasts)
 19566 | Lair:2   | Reached skill level 10 in Shields
 19891 | Lair:3   | Found a burning altar of Makhleb.
 20074 | Lair:3   | Found a staircase to the Snake Pit.
 20159 | Lair:3   | Identified a scroll of acquirement
 20744 | Lair:4   | Noticed Moloch's ghost (journeyman DrWz)
 20759 | Lair:4   | Killed Moloch's ghost
 22192 | Lair:6   | Noticed Josephine
 22201 | Lair:6   | Killed Josephine
 22460 | Lair:6   | Found a staircase to the Shoals.
 22583 | Lair:6   | Gained mutation: You have claws for hands. [demonic ancestry]
 22583 | Lair:6   | Reached XP level 15. HP: 94/115 MP: 25/25
 23652 | Lair:8   | Entered Level 8 of the Lair of Beasts
 23799 | Lair:8   | Got a shimmering war axe
 23800 | Lair:8   | Identified the +10 war axe of the Silent Majority {speed, *Drain +Blink rElec} (You found it on level 8 of the Lair of Beasts)
 23879 | Lair:8   | Found a viscous altar of Jiyva.
 23879 | Lair:8   | Found a staircase to the Slime Pits.
 24626 | Lair:8   | Got a fine hat
 24641 | Lair:8   | Identified the +1 hat "Ejaepoa" {MR+} (You found it on level 8 of the Lair of Beasts)
 24903 | Snake:1  | Entered Level 1 of the Snake Pit
 25275 | Snake:2  | Noticed Aizul
 25286 | Snake:2  | Killed Aizul
 25286 | Snake:2  | Reached skill level 15 in Shields
 25326 | Snake:2  | Noticed an Executioner
 25330 | Snake:2  | Noticed Nikola
 25418 | Snake:2  | Killed Nikola
 26116 | Orc:2    | Bought a slimy hunting sling for 182 gold pieces
 26117 | Orc:2    | Identified the +4 hunting sling "Zyket" {speed, Fragile MR+ Str+4 Dex+3} (You bought it in a shop on level 2 of the Orcish Mines)
 26419 | Snake:2  | Reached skill level 1 in Evocations
 26623 | Snake:2  | Reached XP level 16. HP: 107/122 MP: 26/26
 26679 | Snake:3  | Reached skill level 5 in Evocations
 26726 | Snake:3  | Found Raitegg's Distillery.
 26752 | Snake:3  | Bought a potion of magic for 96 gold pieces
 26752 | Snake:3  | Bought a potion of flight for 36 gold pieces
 26754 | Snake:3  | Found Beuptahaat's Jewellery Shoppe.
 26764 | Snake:3  | Found Zyevou's Jewellery Boutique.
 26847 | Snake:3  | Bought the amulet "Ekhoram" {Reflect rElec rF+ Dex-3 SH+2 Stlth+} for 552 gold pieces
 26959 | Snake:3  | Found Pysewk's Jewellery Emporium.
 26974 | Snake:3  | Bought a cursed -2 ring of slaying for 30 gold pieces
 26992 | Snake:3  | Found Udaipo's Food Boutique.
 27315 | Snake:4  | Entered Level 4 of the Snake Pit
 27959 | Snake:4  | Reached skill level 15 in Invocations
 28287 | Snake:4  | Noticed an Executioner
 28761 | Snake:4  | Reached skill level 16 in Invocations
 28782 | Snake:4  | Reached XP level 17. HP: 128/128 MP: 29/29
 28896 | Snake:4  | Identified the Catalogue of Toxic Moulding
 28944 | Snake:4  | Got a serpentine rune of Zot
 29203 | Shoals:1 | Entered Level 1 of the Shoals
 29497 | Shoals:2 | Noticed Polyphemus
 29540 | Shoals:2 | Killed Polyphemus
 29660 | Shoals:2 | Noticed Kirke
 29673 | Shoals:2 | Killed Kirke
 29673 | Shoals:2 | Reached skill level 10 in Axes
 29784 | Shoals:4 | Entered Level 4 of the Shoals
 29888 | Shoals:4 | Reached skill level 17 in Invocations
 30186 | Shoals:4 | Got a barnacled rune of Zot
 30791 | Elf:1    | Entered Level 1 of the Elven Halls
 30917 | Elf:1    | Found a frozen archway.
 30923 | IceCv    | Entered an ice cave
 31126 | IceCv    | Noticed an Ice Fiend
 31135 | IceCv    | Killed an Ice Fiend
 31969 | Elf:3    | Entered Level 3 of the Elven Halls
 32034 | Elf:3    | Noticed Mara
 32044 | Elf:3    | Killed Mara
 32044 | Elf:3    | Gained mutation: You are completely covered in slimy green scales (AC +4, rPois). [demonic ancestry]
 32044 | Elf:3    | Reached XP level 18. HP: 81/134 MP: 30/30
 32099 | Elf:3    | Reached skill level 18 in Invocations
 32480 | Elf:3    | Noticed a Brimstone Fiend
 33056 | Elf:3    | Got an encrusted chain mail
 33103 | Elf:3    | Learned a level 1 spell: Apportation
 33122 | Elf:3    | Got a jewelled hand axe
 33133 | Elf:3    | Identified the +5 hand axe "Chiseanne's Peril" {venom, rC- MR++ Dex+3} (You found it on level 3 of the Elven Halls)
 33202 | Elf:3    | Identified Sif Muna's Collected Works on Weightlessness and Augmentations (You found it on level 3 of the Elven Halls)
 33225 | Elf:3    | Identified the +0 chain mail of Analysis {rElec rPois Str+10 Dex-2} (You found it on level 3 of the Elven Halls)
 33751 | Vaults:1 | Entered Level 1 of the Vaults
 33871 | Vaults:1 | Found Omoes's Antique Weapon Shoppe.
 33899 | Vaults:1 | Noticed a Tzitzimitl
 34079 | Vaults:1 | Slain by a vault warden

Vault maps used:
D:1:      onia_arrival_larder
D:2:      lemuel_doored_altar, lemuel_crystal_altar, led_sif_pool
D:3:      fedhas_altar_4
D:4:      gammafunk_temple_overflow_pools, serial_shops,
          nicolae_shop_temple_entry_statues_fountains, shop, first_bread,
          minmay_fountain_box, st_stairs_13
D:5:      kennysheep_little_box, serial_shops, shop, grunt_dithmenos_smoke
D:6:      old_standard_altar, temple_doors_b, lightli_sewer_entry_pipes,
          bh_walls_and_bars
D:7:      lemuel_round_altar, nicolae_tso_swordbearing_angel,
          lightli_ossuary_entry_decrepit_ruins, glass_columns_c, grunt_livestock
D:8:      lemuel_crystal_altar, old_standard_altar, grunt_ministairs_3,
          grunt_gozag_statues
D:9:      nicolae_ashenzari_panopticon, david_lair_generic, uniq_psyche,
          uniq_erica, uniq_prince_ribbit1
D:10:     basic_altar
D:11:     fountainhead
D:12:     hiddenorc2_lemuel, nrook_guardian_serpent_ordinary
D:13:     grunt_vaults_entry_fortified, uniq_rupert, uniq_azrael, uniq_nessos
D:14:     hangedman_decor_cross_pass, serial_shops, shop_statue
D:15:     gammafunk_enter_depths_forms, basic_altar, uniq_roxanne, uniq_louise
Lair:1:   minivault_23, columned_hall_lemuel, lemuel_oklob_altar,
          grunt_megastairs_3
Lair:2:   serial_bayou_pond_e
Lair:3:   guppyfry_snake_entry_island, basic_altar, grunt_megastairs_5
Lair:4:   grunt_megastairs_2, lemuel_fruit_fields, infiniplex_staircase_pool,
          serial_bayou_shore_a
Lair:5:   st_stairs_13
Lair:6:   elwin_shoals_entry_stream, uniq_josephine
Lair:7:   serial_bayou_shore_b
Lair:8:   due_jungle_book, dpeg_slime_entry_enclosed_altar
Shoals:2: nicolae_shoals_seven_spires, uniq_polyphemus, uniq_kirke
Shoals:3: nicolae_shoals_circle_sea_wall, yaktaur_hedge
Shoals:4: shoals_end_grunt_garden, shoal_ilsuiw
Snake:1:  serial_shops, nicolae_shop_trees, serial_bayou_pond_d
Snake:2:  uniq_aizul, uniq_nikola
Snake:3:  serial_shops, nicolae_shop_statue_plus, shop, shop, shop,
          nicolae_shop_crystal
Snake:4:  snake_hunt, grunt_ministairs_12, hangedman_snake_pattern
Orc:2:    grunt_orc_cross, basic_altar, lab_entry_generic
Elf:1:    eino_elf_arrival_shootout, portal_ice_cave_entry_horrid_things,
          hangedman_elf_disciples
Elf:2:    uniq_wiglaf
Elf:3:    elf_hall_gauntlet_narrow, serial_shops, nicolae_shop_waterfront,
          uniq_mara
Vaults:1: vaults_mumra_minichess, ontoclasm_vaults_gallery,
          nicolae_vaults_little_squares_1, vaults_dpeg_ring,
          nicolae_vaults_alarming, serial_shops, shop
Sewer:    sewer_frog_island_02
Ossuary:  minmay_ossuary_two_tombs
IceCv:    ice_cave_small_demon

Skill      XL: |  1  2  3  4  5  6  7  8  9 10 11 12 13 14 15 16 17 18 |
---------------+-------------------------------------------------------+-----
Dodging        | 3 4 5 6 7 8 9 10 11 | 11.2
Armour         | 1 2 3 5 6 7 9 10 | 10.7
Fighting       | 4 5 6 8 9 10 | 10.0
Invocations    | 1 2 3 5 7 9 10 12 13 14 16 17 18 | 18.7
Axes           | 2 5 6 7 9 11 | 11.7
Shields        | 7 12 15 16 17 | 17.3
Evocations     | 4 7 |  7.1
Stealth        | |  1.7
Unarmed Combat | |  3.6

Action                   |  1- 3 |  4- 6 |  7- 9 | 10-12 | 13-15 | 16-18 || total
-------------------------+-------+-------+-------+-------+-------+-------++-------
Melee: Unarmed           |    47 |       |       |       |       |       ||    47
       Whip              |    49 |   141 |   340 |   452 |       |       ||   982
       Punch             |     1 |     3 |     7 |    19 |     2 |       ||    32
       War axe           |       |       |       |   136 |  1093 |    98 ||  1327
       Scimitar          |       |       |       |       |    45 |       ||    45
       Broad axe         |       |       |       |       |   364 |  1028 ||  1392
Throw: Tomahawk          |       |     5 |       |     6 |       |       ||    11
Invok: Lesser Servant of |       |       |       |     6 |       |       ||     6
       Greater Servant o |       |       |       |    11 |    23 |    23 ||    57
 Abil: Evoke Berserk Rag |       |       |       |       |     1 |       ||     1
Evoke: Club              |       |       |       |    11 |       |     5 ||    16
       Lamp of fire      |       |       |       |     1 |     2 |     1 ||     4
       Box of beasts     |       |       |       |       |       |    15 ||    15
  Use: Scroll            |     1 |     7 |    16 |    12 |    27 |    13 ||    76
       Potion            |       |       |       |    10 |    12 |     4 ||    26
 Stab: Sleeping          |     6 |     7 |     4 |       |       |     7 ||    24
       Distracted        |       |     1 |       |     2 |     7 |    11 ||    21
       Confused          |       |       |       |       |     6 |       ||     6
       Petrified         |       |       |       |       |     2 |       ||     2
       Held in net/web   |       |       |       |       |       |     1 ||     1
       Invisible         |       |       |       |       |       |     8 ||     8
  Eat: Chunk             |     1 |     6 |    12 |    15 |    37 |     7 ||    78
       Beef jerky        |       |       |       |     7 |     1 |     2 ||    10
       Fruit             |       |       |       |     1 |     8 |     4 ||    13
       Royal jelly       |       |       |       |     1 |       |       ||     1
       Pizza             |       |       |       |     1 |     1 |     8 ||    10
       Bread ration      |       |       |       |       |       |     1 ||     1
Armor: Robe              |     1 |       |       |       |       |       ||     1
       Leather armour    |    19 |    21 |       |       |       |       ||    40
       Ring mail         |       |     5 |   138 |   271 |    35 |   352 ||   801
       Skin              |       |       |       |    88 |       |       ||    88
       Chain mail        |       |       |       |    27 |   925 |       ||   952
Dodge: Dodged            |    52 |    99 |   258 |   578 |   928 |   591 ||  2506
Block: Shield            |       |       |       |       |   560 |       ||   560
       Large shield      |       |       |       |       |  1324 |  1682 ||  3006
       Reflected         |       |       |       |       |       |   189 ||   189
